 Dungeon Crawl Stone Soup version 0.31-a0-408-gb642c7f9a3 (webtiles) character file.

Game seed: 14708557745554142342

79 bobarctor the Magician (level 4, -6/30 HPs)
             Began as a Demonspawn Hedge Wizard on July 29, 2023.
             Mangled by a gnoll
             ... wielding a +0 whip
              (9 damage)
             ... on level 3 of the Dungeon.
             The game lasted 00:10:50 (2053 turns).

bobarctor the Magician (Demonspawn Hedge Wizard)    Turns: 2053, Time: 00:10:50

Health: -6/30      AC:  2    Str: 11    XL:     4   Next: 16%
Magic:  7/10       EV: 27    Int: 17    God:
Gold:   104        SH:  0    Dex: 12    Spells: 3/11 levels left

rFire   + . .        g - +2 dagger (venom)
rCold   . . .        (no shield)
rNeg    . . .        b - +0 robe
rPois   .            c - +0 hat
rElec   .            (no cloak)
rCorr   .            (no gloves)
SInv    .            (no boots)
Will    .....        t - amulet of the acrobat
Stlth   ++           i - ring of protection from fire
HPRegen 0.25/turn    (no ring)
MPRegen 0.12/turn

%: acrobat
@: acrobatic
A: demonic touch 2
a: no special abilities


You were on level 3 of the Dungeon.
You visited 1 branch of the dungeon, and saw 3 of its levels.

You collected 104 gold pieces.

Inventory:

Hand Weapons
 a - a +0 dagger
 g - a +2 dagger of venom (weapon)
Missiles
 f - 28 stones
 v - 5 boomerangs
 y - 2 poisoned darts
Armour
 b - a +0 robe (worn)
 c - a +0 hat (worn)
 p - the +5 chain mail of the Jabberwock {Int+2}
   (You found it on level 2 of the Dungeon)

   Int:       It affects your intelligence (+2).
Magical Staves
 x - a staff of death
Jewellery
 i - a ring of protection from fire (left hand)
 t - an amulet of the acrobat (around neck)
 w - an amulet of guardian spirit
Scrolls
 e - a scroll of silence {unknown}
 j - a scroll of amnesia {unknown}
 m - a scroll of immolation {unknown}
 q - 4 scrolls of teleportation {unknown}
Potions
 d - a potion of magic
 h - 4 potions of ambrosia {unknown}
 k - a potion of attraction {unknown}
 l - 2 potions of haste {unknown}
 n - 2 potions of resistance {unknown}
 o - 2 potions of heal wounds {unknown}
 r - a potion of curing {unknown}
 s - a potion of might {unknown}
 u - a potion of enlightenment {unknown}


   Skills:
 + Level 2.0 Dodging
 + Level 1.9 Stealth
 * Level 4.2 Spellcasting
 + Level 1.5 Conjurations
 + Level 1.1 Summonings
 * Level 1.1 Translocations
 * Level 0.1 Air Magic
 * Level 0.3 Poison Magic


You had 3 spell levels left.
You knew the following spells:

 Your Spells              Type           Power      Damage    Failure   Level
a - Magic Dart            Conj           32%        1d4       9%          1
b - Blink                 Tloc           14%        N/A       14%         2
c - Mephitic Cloud        Conj/Pois/Air  5%         N/A       34%         3
d - Call Imp              Summ           14%        N/A       14%         2

Your spell library contained the following spells:

 Spells                   Type           Power      Damage    Failure   Level
 Slow                     Hex            12%        N/A       16%         1
 Cigotuvi's Dreadful Rot  Necr/Pois/Air  8%         N/A       22%         2
 Sublimation of Blood     Necr           3%         N/A       24%         2
 Wereblood                Tmut           3%         N/A       24%         2
 Summon Hydra             Summ           3%         N/A       100%        7


Dungeon Overview and Level Annotations

Branches:
Dungeon (3/15)

Altars:


Innate Abilities, Weirdness & Mutations

Your touch may inflict irresistible damage on your foes.


Message History

Nothing appears to happen.
Aiming: Magic Dart (safe; 9% risk of failure)
Press: ? - help, Q - select action, (/) - cycle Shift-Dir - straight line, f/p - gnoll
Aim: a gnoll, wielding a +0 club (lightly wounded, 100% to hit)
The magic dart hits the gnoll but does no damage.
The gnoll is lightly wounded.
Unknown command.
Aiming: Magic Dart (safe; 9% risk of failure)
Press: ? - help, Q - select action, (/) - cycle Shift-Dir - straight line, f/p - gnoll
Aim: a gnoll, wielding a +0 club (lightly wounded, 100% to hit)
The magic dart hits the gnoll.
The gnoll is moderately wounded.
You hit the gnoll.
The gnoll is poisoned.
The gnoll is heavily wounded.
The gnoll misses you.
You hit the gnoll.
The gnoll looks as sick as possible!
The gnoll is severely wounded.
You kill the gnoll!
You see here a +0 club.
Your magical contamination has completely faded away.
A gnoll comes into view. It is wielding a +0 whip.
A gnoll comes into view. It is wielding a +0 club.
The gnoll shouts! x2; You hear a shout!
The gnoll throws a throwing net.
The throwing net hits you.
You become entangled in the net!
The gnoll shouts!
You see here a throwing net.
You struggle against the net.
You tear a large gash into the net.
You rip the net and break free!
You barely miss the gnoll. Your touch misses the gnoll.
The gnoll hits you with a +0 whip.
You closely miss the gnoll. Your touch misses the gnoll.
The gnoll hits you from afar with a +0 halberd!
The gnoll hits you with a +0 whip. The gnoll attacks as you move away!
The gnoll hits you with a +0 whip!
* * * LOW HITPOINT WARNING * * *
You see here a +0 club.
The gnoll attacks as you move away! The gnoll hits you with a +0 whip!
You die...

.######......##.......## ...#
#......##........# .#
##.#####<#...##...)....###...#
#.##....+...+...........'...+
#.##.##.#..#.##.#.###.#.#...#
##.....#.#..).##...# #.#+#...##
...#...#.#####..#### #.........
...#.#....).##>.######.........
.....###..)...##@g)g.g.........
.........####.##.######........
########†#.....................
#.#.###########...g..... ...
#......... ...#. ..........
...#.# ...#'...#.. ...# . g..
'...#.. ....# #. g##. #...#


You could see 2 gnolls and a hobgoblin.

Vanquished Creatures
  2 gnolls
  A worm (D:2)
  A dart slug (D:2)
  An orc (D:3)
  5 endoplasms
  2 giant cockroaches
  6 goblins
  A hobgoblin (D:1)
  8 kobolds
  3 quokkas (D:1)
  4 ball pythons
  5 bats
  3 frilled lizards
  9 rats
51 creatures vanquished.

Notes
Turn   | Place    | Note
-------+----------+-------------------------------------------
     0 | D:1      | bobarctor the Demonspawn Hedge Wizard began the quest for
                  | the Orb.
     0 | D:1      | Reached XP level 1. HP: 13/13 MP: 4/4
   389 | D:1      | Gained mutation: Your touch may inflict minor irresistible
                  | damage on your foes. [demonic ancestry]
   389 | D:1      | Reached XP level 2. HP: 19/19 MP: 1/6
   500 | D:1      | Found a faded altar of an unknown god.
   587 | D:1      | Learned a level 2 spell: Blink
   853 | D:1      | Gained mutation: Your touch may inflict irresistible damage
                  | on your foes. [demonic ancestry]
   853 | D:1      | Reached XP level 3. HP: 24/24 MP: 1/8
  1112 | D:2      | Identified the +5 chain mail of the Jabberwock {Int+2}
  1222 | D:2      | Reached skill level 1 in Translocations
  1261 | D:2      | Learned a level 3 spell: Mephitic Cloud
  1580 | D:2      | Reached skill level 4 in Spellcasting
  1613 | D:2      | Learned a level 2 spell: Call Imp
  1961 | D:3      | Reached XP level 4. HP: 30/30 MP: 6/10
  2053 | D:3      | Mangled by a gnoll

Illustrated notes

Levels and vault maps discovered:
D:1:      minmay_arrival_four_loops, layout_basic,
          hellmonk_ecumenical_altar_arch_garden
D:2:      layout_basic, bh_walls_and_bars
D:3:      layout_basic, st_stairs_7, minmay_joined_circles

Skill      XL: |  1  2  3 |
---------------+----------+-----
Dodging        | 2 |  2.0
Translocations | 1 |  1.1
Spellcasting   | 4 |  4.2
Stealth        | |  1.9
Conjurations   | |  1.5
Summonings     | |  1.1
Air Magic      | |  0.1
Poison Magic   | |  0.3

Action                     |  1- 3 |  4- 6 || total
---------------------------+-------+-------++-------
  Melee: Dagger            |    30 |     4 ||    34
         Touch             |     5 |       ||     5
   Cast: Magic Dart        |    81 |     5 ||    86
   Stab: Sleeping          |     1 |       ||     1
 Armour: Robe              |     5 |       ||     5
  Dodge: Dodged            |    17 |     1 ||    18

Table legend: (Time is in decaauts)
 A = Elapsed time spent in this place.
 B = Non-inter-level travel time spent in this place.
 C = Inter-level travel time spent in this place.
 D = Time resting spent in this place.
 E = Time spent auto-exploring this place.
 F = Levels seen in this place.
 G = Mean time per level.
                   A        B        C        D        E       F      G
               +--------+--------+--------+--------+--------+-----+--------+
         Total |   2051 |   2013 |     38 |    449 |   1165 |   3 |  683.7 |
       Dungeon |   2051 |   2013 |     38 |    449 |   1165 |   3 |  683.7 |
               +--------+--------+--------+--------+--------+-----+--------+

Top non-repeatable levels by time:
     D:1: 1011 daAuts
     D:2: 846 daAuts
     D:3: 193 daAuts
